 Dungeon Crawl Stone Soup version 0.22.1-1-ga44c0e56f4 (webtiles) character file.

1136 Gargoyl the Covered (level 8, -9/65 (66) HPs)
             Began as a Centaur Abyssal Knight on Sept 26, 2018.
             Was a Priest of Lugonu.
             Killed from afar by an orc wizard (11 damage)
             ... with a puff of flame
             ... on level 6 of the Dungeon.
             The game lasted 00:07:54 (5324 turns).

Gargoyl the Covered (Centaur Abyssal Knight)        Turns: 5324, Time: 00:07:55

HP:   -9/65 (66)    AC: 10    Str: 18    XL:     8   Next: 14%
MP:   11/11         EV:  5    Int: 11    God:    Lugonu [***...]
Gold: 291           SH:  0    Dex: 14    Spells: 7/7 levels left

rFire    . . .     SeeInvis .   r - +4 flail "Wizxecec" {drain, -Tele MR+ Str+2 Dex+4}
rCold    . . .     Gourm    .   (no shield)
rNeg     . . .     Faith    .   d - +0 chain mail
rPois    .         Spirit   .   (no helmet)
rElec    .         Reflect  .   (no cloak)
rCorr    .         Harm     .   f - +1 pair of gloves
MR       ++...     NoTele   +   (no barding)
Stlth    ..........             (no amulet)
HPRegen  0.20/turn              s - ring of protection from magic
MPRegen  0.12/turn              (no ring)

@: very quick
A: large, hooves 3, deformed body, speed 2, tough skin 3
a: Depart the Abyss, Bend Space, Banish, Renounce Religion


You were on level 6 of the Dungeon.
You worshipped Lugonu.
Lugonu was most pleased with you.
You were not hungry.

You visited 1 branch of the dungeon, and saw 6 of its levels.
You visited the Abyss 1 time.

You collected 291 gold pieces.

Inventory:

Hand Weapons
 a - a +2 hand axe
 i - a +3 war axe
 r - the +4 flail "Wizxecec" (weapon) {drain, -Tele MR+ Str+2 Dex+4}
   (You found it on level 4 of the Dungeon)

   A truly terrible weapon, it drains the life of those it strikes.
   It affects your strength (+2).
   It affects your dexterity (+4).
   It affects your resistance to hostile enchantments.
   It prevents most forms of teleportation.
Missiles
 u - 8 javelins (quivered)
Armour
 d - a +0 chain mail (worn)
 f - a +1 pair of gloves (worn)
Jewellery
 s - a ring of protection from magic (left hand)
Wands
 h - a wand of flame (13)
Scrolls
 b - 2 scrolls of fear
 g - a scroll of identify
 n - 5 scrolls of remove curse
 p - a scroll of amnesia {unknown}
Potions
 e - a potion of resistance
 j - 4 potions of curing
 k - a potion of invisibility
 l - a potion of might {unknown}
 m - a potion of lignification {unknown}
 o - a potion of flight {unknown}
 q - 2 potions of heal wounds
 t - a potion of ambrosia {unknown}
 w - a potion of magic {unknown}
Comestibles
 c - 10 rations
 v - a chunk of flesh


   Skills:
 + Level 4.1 Fighting
 + Level 4.5(4.8) Axes
 + Level 2.3(3.7) Maces & Flails
 * Level 4.7 Armour
 + Level 1.3 Dodging
 * Level 4.5 Invocations


You had 7 spell levels left.
You didn't know any spells.
Your spell library was empty.

Dungeon Overview and Level Annotations

Branches:
Dungeon (6/15)             Temple (0/1) D:4

Altars:
Gozag
Hepliaklqana
Makhleb
Nemelex Xobeh
Ru
Uskayaw
Wu Jian
Xom


Innate Abilities, Weirdness & Mutations

You have hooves in place of feet.
Armour fits poorly on your strangely shaped body.
You cover ground very quickly.
You have extremely tough skin. (AC +3)


Message History

You kill the orc warrior!
Lugonu accepts your kill.
You closely miss something.
You hear some strange, mumbled words.
A puff of frost appears from out of thin air!
The puff of frost hits you!
* * * LOW HITPOINT WARNING * * *
You hear some strange, mumbled words.
A magic dart appears from out of thin air!
The magic dart hits you!
* * * LOW HITPOINT WARNING * * *
You hit something. Your kick misses something.
You hear some strange, mumbled words.
A magic dart appears from out of thin air!
The magic dart hits you!
* * * LOW HITPOINT WARNING * * *
You hear some strange, mumbled words.
A puff of flame appears from out of thin air!
The puff of flame hits you!
You die...

.# #.#### ##....
##...## # #.....##
#.. #......#
#...######......#
.........##†.##.##.#
......).o)@.........
.........###.#######
#...#####.......#
#.. #.##.##.# #
#.##.##.##
.##.....###... #
.#####........
....#####)####..#
#....<..# #


You could see an orc.

Vanquished Creatures
  Prince Ribbit (D:5)
  A water moccasin (D:5)
  An orc warrior (D:6)
  A necrophage (D:4)
  A phantom (D:5)
  A howler monkey (D:5)
  A quasit (D:3)
  A hound (D:5)
  A jelly (D:5)
  A centaur skeleton (D:5)
  6 worker ants
  7 adders
  4 gnolls (D:4)
  4 shadow imps (D:5)
  An ooze (D:1)
  An adder skeleton (D:5)
  7 worms
  A dart slug (D:1)
  5 leopard geckos
  4 orcs
  A ball python (D:3)
  5 giant cockroaches
  9 hobgoblins
  11 jackals
  7 kobolds
  3 quokkas
  8 bats
  9 frilled lizards
  11 goblins
  A leopard gecko skeleton (D:4)
  2 quokka skeletons
  8 rats
125 creatures vanquished.

Notes
Turn   | Place    | Note
-------+----------+-------------------------------------------
     0 | Abyss:1  | Gargoyl the Centaur Abyssal Knight began the quest for the
                  | Orb.
     0 | Abyss:1  | Reached XP level 1. HP: 19/19 MP: 2/2
    76 | D:1      | Escaped the Abyss
   386 | D:1      | Reached * piety under Lugonu
   556 | D:1      | Reached XP level 2. HP: 26/26 MP: 3/3
   650 | D:1      | Reached XP level 3. HP: 14/31 MP: 4/4
  1523 | D:2      | Found a sacrificial altar of Ru.
  1632 | D:2      | Found an ornate altar of the Wu Jian Council.
  1679 | D:2      | Found a sparkling altar of Nemelex Xobeh.
  1703 | D:2      | Reached ** piety under Lugonu
  1703 | D:2      | Reached XP level 4. HP: 33/38 MP: 4/6
  1818 | D:2      | Found a burning altar of Makhleb.
  1818 | D:2      | Noticed a cacodemon
  2098 | D:3      | Found a shimmering altar of Xom.
  2100 | D:3      | Found a hide-covered altar of Uskayaw.
  2107 | D:3      | Reached skill level 1 in Dodging
  2239 | D:3      | Found a hazy altar of Hepliaklqana.
  2598 | D:3      | Reached XP level 5. HP: 42/45 MP: 7/7
  3461 | D:4      | Noticed a necrophage
  3470 | D:4      | Killed a necrophage
  3470 | D:4      | Reached XP level 6. HP: 45/51 MP: 8/8
  3630 | D:4      | Found a staircase to the Ecumenical Temple.
  3641 | D:4      | Reached *** piety under Lugonu
  3663 | D:4      | Got an iridescent flail
  3664 | D:4      | Identified the +4 flail "Wizxecec" {drain, -Tele MR+ Str+2
                  | Dex+4} (You found it on level 4 of the Dungeon)
  4068 | D:5      | Entered Level 5 of the Dungeon
  4068 | D:5      | Noticed a water moccasin
  4076 | D:5      | Killed a water moccasin
  4140 | D:5      | Reached XP level 7. HP: 26/57 MP: 9/9
  4334 | D:5      | Noticed Prince Ribbit
  4529 | D:5      | Killed Prince Ribbit
  4529 | D:5      | Reached skill level 1 in Maces & Flails
  5173 | D:5      | Found an opulent altar of Gozag.
  5235 | D:5      | Reached XP level 8. HP: 64/65 MP: 11/11
  5324 | D:6      | HP: 2/65 [something/magic dart (8)]
  5324 | D:6      | Killed from afar by an orc wizard

Skill      XL: |  1  2  3  4  5  6  7 |
---------------+----------------------+-----
Axes           | 2 3 4 |  4.5
Armour         | 2 3 4 |  4.7
Dodging        | 1 |  1.3
Invocations    | 3 4 |  4.5
Maces & Flails | 2 |  2.3
Fighting       | 4 |  4.1

Action                   |  1- 3 |  4- 6 |  7- 9 || total
-------------------------+-------+-------+-------++-------
Melee: Hand axe          |   109 |     2 |       ||   111
       Kick              |    20 |    25 |    21 ||    66
       War axe           |       |   124 |    11 ||   135
       Flail             |       |    28 |    73 ||   101
Invok: Depart the Abyss  |     1 |       |       ||     1
  Use: Scroll            |     4 |     7 |     5 ||    16
  Eat: Chunk             |     1 |     7 |     4 ||    12
Armor: Chain mail        |   119 |   133 |    61 ||   313
Dodge: Dodged            |    40 |    38 |    24 ||   102
